 Seeded DCSS version 0.28.0-53-g5a82cb258f (webtiles) character file.

Game seed: 11376294231417828559 (custom seed)

29 purpskrrrp the Shield-Bearer (level 3, -1/29 HPs)
             Began as a Formicid Fighter on June 23, 2022.
             Slain by a gnoll
             ... wielding a +0 flail
              (8 damage)
             ... on level 1 of the Dungeon.
             The game lasted 00:02:39 (1079 turns).

purpskrrrp the Shield-Bearer (Formicid Fighter)     Turns: 1079, Time: 00:02:41

Health: -1/29      AC:  7    Str: 22    XL:     3   Next: 32%
Magic:  3/3        EV:  9    Int:  7    God:
Gold:   48         SH:  4    Dex: 10    Spells: 2/2 levels left

rFire   x . .      SeeInvis +   a - +0 long sword
rCold   + . .      Faith    .   c - +0 buckler
rNeg    . . .      Spirit   .   b - +0 scale mail
rPois   .          Reflect  .   (helmet unavailable)
rElec   .          Harm     .   (no cloak)
rCorr   .          Rampage  .   (no gloves)
Will    .....                   (no boots)
Stlth   ..........              (no amulet)
HPRegen 0.09/turn               e - ring of ice
MPRegen 0.08/turn               (no ring)

@: no status effects
A: permanent stasis, dig shafts and tunnels, antennae 3, four strong arms
a: Dig, Shaft Self


You were on level 1 of the Dungeon.
You visited 1 branch of the dungeon, and saw 2 of its levels.

You collected 48 gold pieces.

Inventory:

Hand Weapons
 a - a +0 long sword (weapon)
Armour
 b - a +0 scale mail (worn)
 c - a +0 buckler (worn)
 g - an orb of wrath
Jewellery
 e - a ring of ice (left hand)
Scrolls
 f - a scroll of teleportation {unknown}
 h - a scroll of holy word {unknown}
Potions
 d - a potion of might


   Skills:
 + Level 3.6 Fighting
 + Level 2.4 Long Blades
 + Level 3.7 Armour
 + Level 0.1 Dodging
 + Level 4.0 Shields


You had 2 spell levels left.
You didn't know any spells.
Your spell library was empty.

Dungeon Overview and Level Annotations

Branches:
Dungeon (2/15)

Altars:
Trog


Innate Abilities, Weirdness & Mutations

You cannot be hasted, slowed, berserked, paralysed or teleported.
You can dig through walls and to a lower floor.
You have a pair of large antennae on your head. (SInv)
Your four strong arms can wield two-handed weapons with a shield.


Message History

A rat comes into view.
You slash the rat!
You kill the rat!
You see here a rat corpse.
You see here a hobgoblin corpse.
You see here a hobgoblin corpse.
You enter the shallow water.
Moving in this stuff is going to be slow.
You enter the shallow water.
Moving in this stuff is going to be slow.
You enter the shallow water.
Moving in this stuff is going to be slow.
Found a bloodstained altar of Trog.
Partly explored, can't reach some places.
Partly explored, can't reach some places.
You feel more attuned to ice.
e - a ring of ice (left hand)
There is a stone staircase leading down here.
You climb downwards.
The goblin shouts!
The gnoll shouts! x3; The goblin shouts!
Found 12 gold pieces and a scroll labelled ZAITET YNORIEBLU.
Found an escape hatch in the floor.
There is a stone staircase leading up here.
You climb upwards.
There is a stone staircase leading down here.
You climb downwards.
The gnoll closely misses you. The gnoll hits you with a +0 club.
The gnoll hits you with a +0 flail!
There is a stone staircase leading up here.
The gnoll misses you. The goblin hits you but does no damage.
The gnoll closely misses you. The goblin hits you with a +0 dagger.
You block the gnoll's attack. The bat hits you but does no damage.
You climb upwards.
There is a stone staircase leading down here.
You hit the gnoll.
The gnoll is lightly wounded.
The gnoll hits you with a +0 whip!
* * * LOW HITPOINT WARNING * * *
You block the goblin's attack. The goblin hits you but does no damage.
The gnoll hits you with a +0 flail!
You die...

################
#..≈≈≈≈≈≈≈≈≈≈≈≈≈
#....≈≈≈≈≈≈≈≈≈≈≈ ###
#####..#..≈≈≈≈≈≈≈≈≈≈
##.######.........≈≈≈≈≈≈≈≈≈≈
#.........##g......≈≈≈≈≈≈≈≈≈
##.####...g@g......≈≈≈≈≈≈≈≈≈
#######.##
#.##.gg.......≈≈≈≈≈≈≈≈
.........#
#.##.#.#.#.##.≈≈≈≈≈≈≈≈
#######..#
#.##.#.#.#.<#..≈≈≈≈≈≈≈ # #..#
#.##.#.#.#......≈≈≈≈≈≈ #
#..###.##.#.#...#......≈≈≈≈ #
#......##.#.#.......(...... #
###...#####.#.####.###.##.#.#
# ##....>............##
##...#.#


You could see 3 gnolls and 2 goblins.

Vanquished Creatures
  3 endoplasms (D:1)
  A giant cockroach (D:1)
  6 hobgoblins (D:1)
  3 quokkas (D:1)
  3 ball pythons (D:1)
  4 frilled lizards (D:1)
  3 kobolds (D:1)
  4 rats (D:1)
27 creatures vanquished.

Vanquished Creatures (others)
  A plant (D:1)
1 creature vanquished.

Grand Total: 28 creatures vanquished

Notes
Turn   | Place    | Note
-------+----------+-------------------------------------------
     0 | D:1      | purpskrrrp the Formicid Fighter began the quest for the
                  | Orb.
     0 | D:1      | Reached XP level 1. HP: 18/18 MP: 1/1
   209 | D:1      | Reached XP level 2. HP: 15/24 MP: 2/2
   473 | D:1      | Found a faded altar of an unknown god.
   632 | D:1      | Reached skill level 4 in Shields
   632 | D:1      | Reached XP level 3. HP: 27/29 MP: 3/3
  1058 | D:1      | Found a bloodstained altar of Trog.
  1079 | D:1      | Slain by a gnoll

Illustrated notes

Levels and vault maps discovered:
D:1:      dpeg_arrival_water_altar, layout_loops_ring,
          dreamdust_ecumenical_altar_hidden_monk_grotto
D:2:      layout_basic, minmay_pentomino_pile

Skill      XL: |  1  2 |
---------------+-------+-----
Shields        | 4 |  4.0
Fighting       | |  3.6
Long Blades    | |  2.4
Armour         | |  3.7
Dodging        | |  0.1

Action                   || total
-------------------------++-------
Melee: Long sword        ||    74
Armor: Scale mail        ||    30
Dodge: Dodged            ||    23
Block: Buckler           ||    13
